[Event "Team 45 45 League T89"]
[Site "Internet Chess Club"]
[Date "2021.07.09"]
[Round "1"]
[White "filmdirector"]
[Black "KidRattler"]
[Result "0-1"]
[WhiteElo "1607"]
[BlackElo "1751"]
[Opening "Scandinavian (center counter) defense"]
[ECO "B01"]
[Time "19:25:51"]
[TimeControl "2700+45"]

1. e4 d5 2. exd5 Qxd5 3. d4 Qd8 4. Nf3 Nf6 5. c4 Bg4 6. Be2 e6 7. Nc3 Nc6 8. Be3
Nb4 9. a3 Na6 10. b4 c6 11. O-O Nc7 12. Qb3 Be7 13. a4 O-O 14. b5 cxb5 15. axb5
b6 16. h3 Bh5 17. g4 Bg6 18. Ne5 Be4 19. Nxe4 Nxe4 20. Bf3 f5 21. gxf5 exf5 22.
c5+ Qd5 23. Qc2 bxc5 24. Nc6 Qf7 25. dxc5 Nxb5 26. Bxe4 fxe4 27. Qxe4 Bf6 28.
Ra6 Rae8 29. Qd3 Qb7 30. Nb4 Nc7 31. Qc4+ Kh8 32. c6 Qc8 33. Rxa7 Qxh3 34. Re1
Be5 35. Nd3 Bh2+ 36. Kh1 Rf5 37. Ra4 Bf4+ 38. Kg1 Rg5# {White checkmated} 0-1

[Event "Team 45 45 League T89"]
[Site "Internet Chess Club"]
[Date "2021.07.11"]
[Round "1"]
[White "justice02"]
[Black "fvafier"]
[Result "1-0"]
[WhiteElo "1695"]
[BlackElo "1507"]
[Opening "French: Schlechter variation"]
[ECO "C01"]
[Time "14:00:21"]
[TimeControl "2700+45"]

1. e4 e6 2. d4 d5 3. Bd3 c5 4. c3 Nc6 5. Nf3 dxe4 6. Bxe4 Bd7 7. dxc5 Bxc5 8.
O-O Nf6 9. Bc2 O-O 10. Qd3 h6 11. Rd1 Qc7 12. Nbd2 Rad8 13. Ne4 Nxe4 14. Qxe4 f5
15. Qe2 Bc8 16. Re1 Rfe8 17. Qc4 Bf8 18. Bxf5 Qf7 19. Bc2 Ne7 20. Qe4 Qf5 21.
Qe2 Qf6 22. Be3 b6 23. Bd4 Qf4 24. Ne5 Nf5 25. Ng6 Qg5 26. Nxf8 Nxd4 27. cxd4
Rxf8 28. Rad1 Rd6 29. Qe4 Qf5 30. Qe2 Qf6 31. Qe3 Bb7 32. Rd2 Bd5 33. f3 Rfd8
34. Red1 Qg5 35. Qd3 Kf7 36. Qa3 Bxf3 37. Qxf3+ {Black resigns} 1-0

[Event "Team 45 45 League T89"]
[Site "Internet Chess Club"]
[Date "2021.07.10"]
[Round "1"]
[White "Denis240964"]
[Black "Validus"]
[Result "1-0"]
[WhiteElo "1451"]
[BlackElo "1403"]
[Opening "Scandinavian (center counter) defense"]
[ECO "B01"]
[Time "10:13:22"]
[TimeControl "2700+45"]

1. e4 d5 2. exd5 Qxd5 3. Nc3 Qd8 4. d4 a6 5. Nf3 Nf6 6. Bc4 b5 7. Bb3 e6 8. O-O
Be7 9. d5 c5 10. dxc6 Nxc6 11. Qxd8+ Bxd8 12. h3 O-O 13. Be3 Bb7 14. Bc5 Re8 15.
Rad1 Na5 16. Rfe1 Nxb3 17. axb3 Bxf3 18. gxf3 Rc8 19. b4 Bc7 20. Ne4 Nxe4 21.
fxe4 Be5 22. c3 h5 23. Rd7 Red8 24. Red1 Rxd7 25. Rxd7 Rc7 26. Rd8+ Kh7 27. Ra8
Rd7 28. Be3 Rd6 29. f4 Bf6 30. e5 Rd1+ 31. Kg2 Bh4 32. Rxa6 Kg6 33. Rb6 Rd3 34.
Bd4 Kf5 35. Rb7 Ke4 36. Rxf7 Rd2+ 37. Kh1 Kf3 38. Rxg7 Bg3 39. Bg1 Rxb2 40. Rg6
Bxf4 41. Rxe6 Rb1 42. Rf6 Kg3 43. e6 Be3 44. Rg6+ Kxh3 45. e7 Bxg1 46. Rxg1 Rb2
47. Re1 Rh2+ 48. Kg1 Rg2+ 49. Kf1 Kg3 50. Re3+ Kh2 51. e8=Q Rg1+ 52. Kf2 Rg2+
53. Kf3 Rg3+ 54. Kf4 Rg4+ 55. Kf5 Rg2 56. Qxh5+ Kg1 57. Qf3 Kh2 58. Re2 Rxe2 59.
Qxe2+ Kg3 60. Qe4 Kf2 61. Kf4 Kg1 62. Qe2 Kh1 63. Kg3 Kg1 64. Qg2# {Black
checkmated} 1-0

[Event "Team 45 45 League T89"]
[Site "Internet Chess Club"]
[Date "2021.07.12"]
[Round "1"]
[White "Kidpython"]
[Black "DaveTheRook"]
[Result "0-1"]
[WhiteElo "1105"]
[BlackElo "1455"]
[Opening "Sicilian: Najdorf"]
[ECO "B90"]
[Time "19:02:16"]
[TimeControl "2700+45"]

1. e4 c5 2. Nf3 d6 3. Nc3 Nf6 4. d4 cxd4 5. Nxd4 a6 6. Nf3 g6 7. Bc4 Bg7 8. e5
Ng4 9. exd6 Qxd6 10. Qxd6 exd6 11. Bf4 Ne5 12. Bxe5 dxe5 13. O-O-O O-O 14. Rhe1
Nc6 15. Bd5 Rb8 16. Bxc6 bxc6 17. Nxe5 Bxe5 18. Rxe5 Be6 19. Rd6 Rfd8 20. Rxc6
Bc8 21. f3 Kf8 22. a3 Bb7 23. Rc7 Rdc8 24. Rxc8+ Rxc8 25. Na4 Rd8 26. b4 Bc6 27.
Nc5 Bb5 28. a4 Bf1 29. g3 Rd4 30. Re4 Rd6 31. c4 Rc6 32. Nd7+ Kg7 33. Ne5 Rc7
34. Kd2 f6 35. Nd3 f5 36. Re5 Rxc4 37. Ra5 Rd4 38. Rxa6 Bxd3 39. Ra7+ Kh6 40.
Kc3 Rd8 41. b5 Be2 42. f4 Rc8+ 43. Kb4 Rc4+ 44. Ka5 Bd1 45. Kb6 Rxa4 46. Ra6
Rxa6+ 47. bxa6 Bf3 48. a7 Kh5 49. h3 Kh6 50. Kc7 Kg7 51. Kb8 Kf6 52. a8=Q Bxa8
53. Kxa8 Ke6 54. Kb7 Kd5 55. Kc7 Ke4 56. Kd6 Kf3 57. Ke6 Kxg3 58. Kf7 Kxf4 59.
Kf6 Kg3 60. Kg5 Kxh3 61. Kf4 Kh4 62. Kf3 g5 63. Kg2 g4 64. Kg1 Kg3 65. Kh1 h5
66. Kg1 h4 67. Kh1 f4 68. Kg1 Kf3 69. Kf1 h3 70. Kg1 Ke3 71. Kf1 g3 72. Kg1 Ke2
73. Kh1 f3 74. Kg1 f2+ 75. Kh1 f1=Q# {White checkmated} 0-1

[Event "Team 45 45 League T89"]
[Site "Internet Chess Club"]
[Date "2021.07.09"]
[Round "1"]
[White "QuieroAprender"]
[Black "fhunfi"]
[Result "1/2-1/2"]
[WhiteElo "1682"]
[BlackElo "1793"]
[Opening "Queen's pawn"]
[ECO "A40"]
[Time "19:30:23"]
[TimeControl "2700+45"]

1. d4 e6 2. Bf4 f5 3. Nf3 Nf6 4. e3 b6 5. c3 Bb7 6. Bd3 Bd6 7. Bg3 O-O 8. Nbd2
Qe8 9. Qc2 a5 10. Bxd6 cxd6 11. Nc4 Qe7 12. Nxb6 Ra7 13. Na4 Na6 14. b3 Rc8 15.
Qe2 Ne4 16. Rc1 Nb4 17. O-O Nxd3 18. Qxd3 g5 19. Nd2 Rf8 20. f3 Nxd2 21. Qxd2
Raa8 22. c4 Bc6 23. Nc3 d5 24. cxd5 exd5 25. Rc2 Rfe8 26. Nd1 Qb4 27. Qxb4 {Game
drawn by mutual agreement} 1/2-1/2

[Event "Team 45 45 League T89"]
[Site "Internet Chess Club"]
[Date "2021.07.10"]
[Round "1"]
[White "Draconian"]
[Black "kabindra"]
[Result "1-0"]
[WhiteElo "1788"]
[BlackElo "1594"]
[Opening "Giuoco Piano: Anderssen variation"]
[ECO "C54"]
[Time "14:00:32"]
[TimeControl "2700+45"]

1. e4 e5 2. Nf3 Nc6 3. Bc4 Bc5 4. c3 Nf6 5. d4 exd4 6. e5 d5 7. Bb5 Ne4 8. cxd4
Bb4+ 9. Bd2 Bxd2+ 10. Nbxd2 Nxd2 11. Qxd2 O-O 12. Bxc6 bxc6 13. O-O Bd7 14. Rac1
Qe7 15. Ne1 Rfb8 16. Nd3 Rb6 17. Nc5 Rab8 18. b3 Be6 19. Rc3 Qh4 20. Nxe6 fxe6
21. Rfc1 Rb4 22. f4 Rf8 23. g3 Qg4 24. Rxc6 a5 25. Rxc7 h5 26. Re7 Rf7 27. Rc8+
Rf8 28. Rcc7 Rfb8 29. Rxg7+ Qxg7 30. Rxg7+ Kxg7 31. f5 Kf7 32. Qh6 exf5 33. Qf6+
Ke8 34. e6 R8b7 35. Qg6+ Ke7 36. Qf7+ Kd6 37. Qxf5 a4 38. Qe5+ Ke7 39. Kg2 axb3
40. axb3 Rxb3 41. Qxd5 h4 42. Qe5 Rb2+ 43. Kh3 hxg3 44. hxg3 Rb1 45. d5 R1b6 46.
g4 Rb3+ 47. Kh4 R3b6 48. g5 Rb4+ 49. Kh5 R4b6 50. g6 Rb1 51. d6+ {Black resigns}
1-0

[Event "Team 45 45 League T89"]
[Site "Internet Chess Club"]
[Date "2021.07.09"]
[Round "1"]
[White "julesraider"]
[Black "trogers41"]
[Result "1-0"]
[WhiteElo "1582"]
[BlackElo "1286"]
[Opening "Queen's Indian: old main line, 7.Nc3"]
[ECO "E18"]
[Time "14:00:44"]
[TimeControl "2700+45"]

1. d4 Nf6 2. c4 e6 3. Nf3 b6 4. g3 Bb7 5. Bg2 Be7 6. O-O O-O 7. Nc3 Ne4 8. Qc2
Nxc3 9. bxc3 c5 10. e4 d5 11. cxd5 exd5 12. e5 cxd4 13. cxd4 Nc6 14. Bd2 Rc8 15.
Qa4 a6 16. Bh3 b5 17. Qb3 Rc7 18. Rfc1 Bc8 19. Bg2 Bg4 20. Qe3 Bxf3 21. Bxf3 Qd7
22. Kg2 h6 23. Qd3 Rfc8 24. h3 Qd8 25. Bg4 Rb8 26. a3 Rbb7 27. Rc2 Qe8 28. Rac1
Bd8 29. Rc5 Nxe5 30. dxe5 Rxc5 31. Rxc5 Rb8 32. Rxd5 Bc7 33. Qd4 Bb6 34. Qd3 Bc7
35. Bc3 Bb6 36. Bb4 Bc7 37. Bd6 Bxd6 38. exd6 {Black resigns} 1-0

[Event "Team 45 45 League T89"]
[Site "Internet Chess Club"]
[Date "2021.07.09"]
[Round "1"]
[White "Fulmar"]
[Black "Toalla"]
[Result "1/2-1/2"]
[WhiteElo "1139"]
[BlackElo "1153"]
[Opening "Ruy Lopez: Wormald (Alapin) attack"]
[ECO "C77"]
[Time "08:37:06"]
[TimeControl "2700+45"]

1. e4 e5 2. Nf3 Nc6 3. Bb5 a6 4. Ba4 Nf6 5. Qe2 b5 6. Bb3 Bc5 7. c3 d6 8. O-O
O-O 9. h3 Qe7 10. Re1 h6 11. d3 Na5 12. Bc2 Re8 13. d4 Ba7 14. Nbd2 c5 15. dxe5
dxe5 16. Nf1 Bb7 17. Ng3 Qe6 18. Nh4 Nc4 19. Nhf5 Nd6 20. Nxd6 Qxd6 21. Nf5 Qf8
22. g4 Rad8 23. g5 Nh7 24. Qg4 Kh8 25. gxh6 g6 26. Ng7 Bc8 27. Qh4 Qe7 28. Qxe7
Rxe7 29. h4 f6 30. Be3 Bg4 31. Kg2 g5 32. Bd1 Bc8 33. hxg5 fxg5 34. Rh1 c4 35.
Bxa7 Rxa7 36. Kg3 Rd2 37. b4 Rd3+ 38. f3 Nf6 39. Re1 Rxc3 40. Nf5 Rd7 41. Be2
Nxe4+ 42. Kg4 Kh7 43. fxe4 Rd4 44. Kxg5 Rxe4 45. Bg4 Rf4 46. Rad1 Rd3 47. Rxd3
cxd3 48. Rd1 Rf2 49. Rxd3 Rxa2 50. Nd6 Bxg4 51. Kxg4 Rg2+ 52. Rg3 Rb2 53. Kh5
Rh2+ 54. Kg5 Rb2 55. Kh5 Rh2+ 56. Kg5 Rb2 {Game drawn by mutual agreement}
1/2-1/2

[Event "Team 45 45 League T89"]
[Site "Internet Chess Club"]
[Date "2021.07.12"]
[Round "1"]
[White "ChessJayden"]
[Black "Portola"]
[Result "1-0"]
[WhiteElo "1740"]
[BlackElo "1679"]
[Opening "French: Rubinstein variation"]
[ECO "C10"]
[Time "12:04:20"]
[TimeControl "2700+45"]

1. e4 e6 2. d4 d5 3. Nc3 dxe4 4. Nxe4 Be7 5. Nf3 Nd7 6. Be3 Ngf6 7. Nxf6+ Bxf6
8. c4 O-O 9. Bd3 c5 10. dxc5 Bxb2 11. Bxh7+ Kxh7 12. Qc2+ Kg8 13. Qxb2 Qa5+ 14.
Qd2 Qa4 15. Rc1 Qc6 16. Qd6 Qa4 17. h4 Qa5+ 18. Kf1 Nf6 19. h5 Rd8 20. Qg3 Rd3
21. h6 g6 22. Qe5 Qd8 23. Bg5 Kh7 24. Qxf6 Rd1+ 25. Rxd1 {Black resigns} 1-0

[Event "Team 45 45 League T89"]
[Site "Internet Chess Club"]
[Date "2021.07.09"]
[Round "1"]
[White "aec7r3b"]
[Black "rubo"]
[Result "0-1"]
[WhiteElo "1212"]
[BlackElo "1529"]
[Opening "Caro-Kann: Steinitz variation"]
[ECO "B17"]
[Time "17:30:25"]
[TimeControl "2700+45"]

1. e4 c6 2. d4 d5 3. Nc3 dxe4 4. Nxe4 Nd7 5. Nf3 Ngf6 6. Nxf6+ Nxf6 7. Be2 Bg4
8. h3 Bxf3 9. Bxf3 e6 10. Bf4 Bd6 11. Bxd6 Qxd6 12. O-O O-O-O 13. c3 Kb8 14. Qb3
h5 15. Rfe1 Rh6 16. c4 Rdh8 17. Kf1 g5 18. g4 hxg4 19. hxg4 Rh4 20. c5 Qc7 21.
Qb4 Nxg4 22. Bxg4 Rxg4 23. a4 Qf4 24. a5 Qf3 {White resigns} 0-1

[Event "Team 45 45 League T89"]
[Site "Internet Chess Club"]
[Date "2021.07.11"]
[Round "1"]
[White "nosir"]
[Black "eevee11"]
[Result "1-0"]
[WhiteElo "1386"]
[BlackElo "1198"]
[Opening "King's Indian: Torre attack"]
[ECO "A48"]
[Time "13:00:16"]
[TimeControl "2700+45"]

1. d4 Nf6 2. Nf3 g6 3. Bg5 d5 4. e3 Bg7 5. Nbd2 c5 6. c4 cxd4 7. Nxd4 O-O 8. Bd3
Qb6 9. N4b3 dxc4 10. Nxc4 Qd8 11. O-O Nc6 12. Be2 Be6 13. Nc5 Bxc4 14. Bxc4 Qb6
15. Nb3 Ne4 16. Bh4 Bxb2 17. Rb1 Bc3 18. Qc2 g5 19. Qxe4 gxh4 20. Nd4 Qc7 21.
Rb5 Nxd4 22. Rh5 Ne2+ 23. Kh1 h6 24. Qg6+ Bg7 25. Rxh6 Qxc4 26. Qh7# {Black
checkmated} 1-0

[Event "Team 45 45 League T89"]
[Site "Internet Chess Club"]
[Date "2021.07.09"]
[Round "1"]
[White "room-matt"]
[Black "harrington"]
[Result "1/2-1/2"]
[WhiteElo "1817"]
[BlackElo "1607"]
[Opening "Sicilian: accelerated fianchetto, Maróczy bind, 6.Be3"]
[ECO "B38"]
[Time "14:00:45"]
[TimeControl "2700+45"]

1. e4 c5 2. Nf3 Nc6 3. d4 cxd4 4. Nxd4 g6 5. c4 Bg7 6. Be3 Nf6 7. Nc3 O-O 8. Be2
d6 9. O-O Bd7 10. Qd2 a5 11. Rae1 Nxd4 12. Bxd4 Bc6 13. Bf3 Rc8 14. Qd3 Qc7 15.
Rc1 a4 16. a3 Rfd8 17. Nd5 Bxd5 18. exd5 Re8 19. h4 Nd7 20. Bxg7 Kxg7 21. Qd4+
Kg8 22. Rc3 Ne5 23. Be2 Qc5 24. Qxc5 Rxc5 25. f4 Nd7 26. f5 Ne5 27. g4 Rec8 28.
Rf4 Kg7 29. g5 f6 30. gxf6+ exf6 31. Kg2 g5 32. hxg5 fxg5 33. f6+ Kf7 34. Bh5+
Kf8 35. Rf5 h6 36. Be2 Nxc4 37. Bxc4 Rxc4 38. Rh3 Rc2+ 39. Kg3 Rxb2 40. Rxh6
Rc3+ 41. Rf3 Rxf3+ 42. Kxf3 Rb3+ 43. Kg4 Kf7 44. Kxg5 Rxa3 45. Rh7+ Kf8 46. Rxb7
Rg3+ 47. Kf5 a3 48. Ke6 Re3+ 49. Kxd6 a2 50. Ra7 Re2 51. Kc6 Rc2+ 52. Kb6 Rb2+
53. Kc5 Rc2+ 54. Kb4 Rb2+ 55. Kc3 Rb5 56. Kd4 Rb4+ 57. Ke5 Rb2 58. d6 Re2+ 59.
Kd5 Rd2+ 60. Kc6 Rc2+ 61. Kb5 Rb2+ 62. Kc4 Rc2+ 63. Kd3 Rc6 64. d7 Rd6+ 65. Ke4
Rxd7 66. Rxa2 Kf7 67. Ke5 Rb7 68. Ra5 Rc7 69. Rb5 Ra7 70. Kf5 Rc7 71. Ra5 Rb7
72. Rc5 {Game drawn by mutual agreement} 1/2-1/2

[Event "Team 45 45 League T89"]
[Site "Internet Chess Club"]
[Date "2021.07.10"]
[Round "1"]
[White "marioseixas1992"]
[Black "ILRE"]
[Result "1/2-1/2"]
[WhiteElo "1345"]
[BlackElo "1621"]
[Opening "French: advance, Euwe variation"]
[ECO "C02"]
[Time "15:00:25"]
[TimeControl "2700+45"]

1. e4 e6 2. d4 d5 3. e5 c5 4. c3 Bd7 5. Nf3 Nc6 6. Be2 Qb6 7. a3 Rc8 8. b4 cxd4
9. cxd4 Nge7 10. O-O Nf5 11. Bb2 Be7 12. b5 Na5 13. Nc3 Nc4 14. Bxc4 Rxc4 15.
Nd2 Rc8 16. Nb3 Bxb5 17. Nxb5 Qxb5 18. a4 Qb6 19. a5 Qb5 20. a6 bxa6 21. Ra5 Qb6
22. Qd3 O-O 23. Rxa6 Qb7 24. f4 Rc4 25. Rfa1 Rb8 26. Nd2 Qxb2 27. Nxc4 dxc4 28.
Qxc4 Qxd4+ 29. Qxd4 Nxd4 30. Rxa7 Ne2+ 31. Kf1 Bc5 32. Kxe2 Bxa7 33. Rxa7 g6 34.
Kf3 h5 35. Kg3 Rb3+ 36. Kh4 Kg7 37. h3 Re3 38. Ra8 Rc3 39. Ra4 Re3 40. Ra8 Re2
41. Kg3 Re3+ 42. Kh4 {Game drawn by repetition} 1/2-1/2

[Event "Team 45 45 League T89"]
[Site "Internet Chess Club"]
[Date "2021.07.12"]
[Round "1"]
[White "Timmah4651"]
[Black "WillC"]
[Result "1-0"]
[WhiteElo "1586"]
[BlackElo "1461"]
[Opening "Scandinavian defense"]
[ECO "B01"]
[Time "20:43:42"]
[TimeControl "2700+45"]

1. e4 d5 2. exd5 Nf6 3. Nc3 Nxd5 4. d4 Bf5 5. Nf3 e6 6. Bc4 Nxc3 7. bxc3 Bd6 8.
Bg5 Qd7 9. O-O O-O 10. Re1 Nc6 11. Nh4 Bg6 12. Nxg6 hxg6 13. Qg4 Na5 14. Bd3 Qc6
15. Re3 Qxc3 16. Rd1 Qc6 17. Rh3 f5 18. Qe2 Rae8 19. Bb5 Qd5 20. c4 Nxc4 21.
Bxc4 Qe4 22. Re3 Qc6 23. Rxe6 Bxh2+ 24. Kxh2 Rxe6 25. Qxe6+ {Black resigns} 1-0

[Event "Team 45 45 League T89"]
[Site "Internet Chess Club"]
[Date "2021.07.11"]
[Round "1"]
[White "MacroPawn"]
[Black "Goli"]
[Result "0-1"]
[WhiteElo "1799"]
[BlackElo "1802"]
[Opening "English, 1...Nf6 (Anglo-Indian defense)"]
[ECO "E62"]
[Time "12:01:35"]
[TimeControl "2700+45"]

1. c4 Nf6 2. g3 g6 3. Bg2 Bg7 4. Nc3 O-O 5. d4 d6 6. Nf3 c6 7. O-O Nbd7 8. Qc2
Qc7 9. b4 e5 10. c5 d5 11. Nxe5 Nxe5 12. dxe5 Qxe5 13. Bf4 Qd4 14. Qb3 Nh5 15.
Rac1 Nxf4 16. e3 Qxc3 17. Rxc3 Ne2+ 18. Kh1 Nxc3 19. Rc1 Ne4 20. f3 Nd2 21. Qc2
Nc4 22. Qe2 Be6 23. f4 f5 24. Bf1 Rfe8 25. a4 Bf7 26. b5 Nxe3 27. bxc6 bxc6 28.
Qa6 Nxf1 29. Rxf1 d4 30. Qxc6 Rad8 31. Qa6 d3 32. c6 Bd5+ {White resigns} 0-1

[Event "Team 45 45 League T89"]
[Site "Internet Chess Club"]
[Date "2021.07.15"]
[Round "1"]
[White "cityprosecutor"]
[Black "gera-carp75"]
[Result "0-1"]
[WhiteElo "1671"]
[BlackElo "1850"]
[Opening "French: King's Indian attack"]
[ECO "C00"]
[Time "16:13:11"]
[TimeControl "2700+45"]

1. e4 e6 2. d3 d5 3. Nd2 Nf6 4. g3 dxe4 5. dxe4 e5 6. Bg2 Nc6 7. Ngf3 Bc5 8. O-O
O-O 9. c3 a5 10. Qc2 b6 11. Nc4 Qe7 12. Rd1 Ng4 13. Ne3 Nxe3 14. Bxe3 Bxe3 15.
fxe3 Ba6 16. Rd2 Qc5 17. Kf2 Rad8 18. Rad1 f6 19. Rxd8 Rxd8 20. Rxd8+ Nxd8 21.
Qb3+ Qc4 22. Qxc4+ Bxc4 23. a3 a4 24. Bf1 Bxf1 25. Kxf1 Ne6 26. Ke2 Nc5 27. Nd2
Kf7 28. h3 Ke6 29. g4 g5 30. Kf3 Kd7 31. Kg3 Kc6 32. h4 h6 33. hxg5 hxg5 34. Kf3
Nd3 35. b4 axb3 36. Nxb3 Kb5 37. Ke2 Kc4 {White resigns} 0-1

[Event "Team 45 45 League T89"]
[Site "Internet Chess Club"]
[Date "2021.07.12"]
[Round "1"]
[White "evan7284"]
[Black "ascoli"]
[Result "0-1"]
[WhiteElo "1661"]
[BlackElo "1611"]
[Opening "Caro-Kann: exchange, Rubinstein variation"]
[ECO "A45"]
[Time "14:47:33"]
[TimeControl "2700+45"]

1. d4 Nf6 2. Bf4 d5 3. e3 c5 4. c3 cxd4 5. exd4 Nc6 6. Bd3 a6 7. Nd2 Bg4 8. Qb3
b5 9. Ngf3 e6 10. Ne5 Na5 11. Qc2 Nc4 12. Ndxc4 bxc4 13. Be2 Bf5 14. Qa4+ Nd7
15. O-O f6 16. Qxd7+ Qxd7 17. Nxd7 Kxd7 18. b3 Bd6 19. Bxd6 Kxd6 20. b4 a5 21.
a3 Bd3 22. Bxd3 cxd3 23. Rfd1 axb4 24. cxb4 Rhb8 25. Rxd3 Rxb4 26. f4 Raa4 27.
axb4 Rxa1+ 28. Kf2 Rb1 29. Ra3 Rxb4 30. Ke3 Rb2 31. Kf3 Ke7 32. Ra7+ Kf8 33.
Ra8+ Kf7 34. Ra7+ Kg6 35. Ra6 Rd2 36. Ra4 Rd3+ 37. Ke2 Rb3 38. Ra7 h6 39. Re7
Rb4 40. Ke3 Rb1 41. Kf3 Re1 42. g4 Re4 43. Rxe6 Rxe6 44. f5+ Kf7 45. fxe6+ Kxe6
46. Kf4 g5+ 47. Kf3 f5 48. gxf5+ Kxf5 49. h3 h5 50. Ke3 {White resigns} 0-1

[Event "Team 45 45 League T89"]
[Site "Internet Chess Club"]
[Date "2021.07.11"]
[Round "1"]
[White "scostanzo212"]
[Black "Grenadier"]
[Result "1-0"]
[WhiteElo "1536"]
[BlackElo "1550"]
[Opening "Old Indian defense"]
[ECO "A54"]
[Time "14:00:21"]
[TimeControl "2700+45"]

1. d4 Nf6 2. c4 d6 3. Nc3 Nbd7 4. Nf3 e5 5. dxe5 dxe5 6. e3 Be7 7. Be2 b6 8. O-O
Bb7 9. b3 O-O 10. Bb2 Re8 11. Qc2 Bd6 12. e4 a6 13. Rfe1 Nc5 14. Bf1 Ne6 15.
Rad1 Qe7 16. Nd5 Nxd5 17. cxd5 Nc5 18. Nd2 Nd7 19. Nc4 Rac8 20. Nxd6 cxd6 21.
Qd2 a5 22. Bb5 Rc5 23. Bxd7 Qxd7 24. Rc1 Rec8 25. Rxc5 Rxc5 26. Rc1 Qc7 27. Rc3
Kf8 28. Qe3 h6 29. Rxc5 Qxc5 30. Qxc5 dxc5 31. Bxe5 f5 32. f3 b5 33. Bd6+ Ke8
34. Bxc5 fxe4 35. fxe4 Ba6 36. b4 axb4 37. Bxb4 h5 38. h4 g6 39. Kf2 Bc8 40. Ke3
Bg4 41. Kf4 Kf7 42. e5 Be2 43. e6+ Ke8 44. Ke5 Bf1 45. g3 Bc4 46. a3 Bd3 47. d6
Bf5 48. Kf6 Be4 49. d7+ Kd8 50. Ba5# {Black checkmated} 1-0

[Event "Team 45 45 League T89"]
[Site "Internet Chess Club"]
[Date "2021.07.10"]
[Round "1"]
[White "mongmong"]
[Black "julesraider"]
[Result "1-0"]
[WhiteElo "1525"]
[BlackElo "1563"]
[Opening "King's Indian: orthodox, Aronin-Taimanov, bayonet attack"]
[ECO "E97"]
[Time "12:00:43"]
[TimeControl "2700+45"]

1. d4 Nf6 2. Nf3 g6 3. c4 Bg7 4. Nc3 d6 5. e4 O-O 6. Be2 e5 7. O-O Nc6 8. d5 Ne7
9. b4 Nd7 10. a4 f5 11. Ng5 Nf6 12. Bf3 h6 13. Ne6 Bxe6 14. dxe6 f4 15. Ba3 g5
16. h3 b6 17. Rc1 a5 18. bxa5 Rxa5 19. Nd5 Nc6 20. Bb4 Ra7 21. Bc3 Re8 22. Nb4
Nxb4 23. Bxb4 Rxe6 24. c5 Qd7 25. cxb6 cxb6 26. Ra1 Qc6 27. Qb3 Kf7 28. Rfc1 Qd7
29. a5 bxa5 30. Rxa5 Rb7 31. Qc4 Kg6 32. Ra6 Bf8 33. Be1 Re8 34. Rc6 Reb8 35.
Rc7 Rxc7 36. Qxc7 Rb7 37. Qxd7 Nxd7 38. Ba5 Nc5 39. Rd1 h5 40. Bc3 Rb3 41. Ba5
Be7 42. Bc7 Nd3 43. Be2 Nb2 44. Rd2 Rc3 45. Bxd6 Rc1+ 46. Kh2 Bxd6 47. Rxd6+ Kf7
48. Rd2 Nc4 49. Bxc4+ Rxc4 50. f3 Rd4 51. Rc2 h4 52. Kg1 Ke6 53. Rc6+ Rd6 54.
Rc8 Kf7 55. Rc7+ Kg6 56. Rc8 Kf6 57. Kf2 Rd2+ 58. Kf1 Kf7 59. Rc7+ Ke6 60. Rg7
Kf6 61. Rc7 Rb2 62. Rc8 Rb1+ 63. Kf2 Kf7 64. Rc7+ Ke6 65. Rg7 Rb2+ 66. Kf1 Kf6
67. Rg8 Rb7 68. Rf8+ Rf7 69. Rc8 Ke6 70. Rc6+ Kd7 71. Rg6 Re7 72. Rxg5 Kc6 73.
Rh5 Kc5 74. Rxh4 Kd4 75. Rh8 Ke3 76. Rb8 Rc7 77. Rb3+ Kd4 78. Rb2 Ke3 79. Rb3+
Kd4 80. Ra3 Rc1+ 81. Kf2 Rc2+ 82. Kg1 Rc1+ 83. Kh2 Rc2 84. Ra5 Rb2 85. Rd5+ Ke3
86. Rxe5 Rb1 87. Rg5 Kf2 88. h4 Re1 89. h5 Rd1 90. h6 Rd8 91. e5 Rh8 92. Rg6 Rh7
93. e6 Ke3 94. Kh3 Kd4 95. Kg4 Ke5 96. Kg5 Re7 97. Rg7 Rxe6 98. h7 Re8 99. Rg8
{Black resigns} 1-0

[Event "Team 45 45 League T89"]
[Site "Internet Chess Club"]
[Date "2021.07.10"]
[Round "1"]
[White "SeniorCitizen"]
[Black "olivermx"]
[Result "0-1"]
[WhiteElo "1217"]
[BlackElo "1237"]
[Opening "Danish gambit"]
[ECO "C21"]
[Time "12:01:42"]
[TimeControl "2700+45"]

1. e4 e5 2. d4 exd4 3. c3 dxc3 4. Bc4 Qe7 5. Nxc3 Nf6 6. Bg5 Qb4 7. Bxf6 Qxc4 8.
Qd4 Qxd4 9. Bxd4 c5 10. Be3 Nc6 11. Nge2 Be7 12. Nd5 O-O 13. Nxe7+ Nxe7 14. Bxc5
Re8 15. Bxe7 Rxe7 16. Nc3 b6 17. O-O Bb7 18. f3 Rc8 19. Nb5 Ba6 20. a4 Re5 21.
Rfc1 Rec5 22. Rxc5 bxc5 23. Nc3 Kf8 24. h3 Rb8 25. Nb5 Ke7 26. Ra3 Bxb5 27. Rb3
Rb6 28. Rxb5 Rxb5 29. axb5 Kd6 30. Kf2 Kc7 31. Ke3 Kb6 32. b3 Kxb5 33. Kd3 Kb4
34. Kc2 a5 35. g4 c4 36. bxc4 Kxc4 37. h4 Kd4 {White resigns} 0-1

[Event "Team 45 45 League T89"]
[Site "Internet Chess Club"]
[Date "2021.07.09"]
[Round "1"]
[White "WzeroMN"]
[Black "PsyMar"]
[Result "1/2-1/2"]
[WhiteElo "1071"]
[BlackElo "1329"]
[Opening "Ruy Lopez: Anderssen variation"]
[ECO "C77"]
[Time "13:32:27"]
[TimeControl "2700+45"]

1. e4 e5 2. Nf3 Nc6 3. Bb5 a6 4. Ba4 Nf6 5. d3 b5 6. Bb3 d5 7. exd5 Nxd5 8. O-O
Bc5 9. Re1 O-O 10. Nxe5 Nce7 11. d4 Ba7 12. Nf3 Be6 13. Nc3 Nxc3 14. bxc3 c5 15.
Bxe6 fxe6 16. dxc5 Bxc5 17. Be3 Bd6 18. Ng5 Nf5 19. Nxe6 Qh4 20. g3 Qc4 21. Nxf8
Rxf8 22. Qd3 Qf7 23. g4 Nxe3 24. Qxe3 Qc7 25. Qe6+ Rf7 26. Qe8+ Rf8 27. Qe6+ Rf7
28. Qe8+ Rf8 29. Qe6+ {Game drawn by repetition} 1/2-1/2

[Event "Team 45 45 League T89"]
[Site "Internet Chess Club"]
[Date "2021.07.11"]
[Round "1"]
[White "Gojira"]
[Black "gduranko"]
[Result "1-0"]
[WhiteElo "1507"]
[BlackElo "1426"]
[Opening "Queen's pawn game"]
[ECO "D00"]
[Time "10:00:21"]
[TimeControl "2700+45"]

1. d4 Nf6 2. Nc3 d5 3. Bf4 c6 4. e3 Bf5 5. f3 e6 6. g4 Bg6 7. h4 h6 8. Bd3 Bd6
9. Bxg6 fxg6 10. Qd3 Kf7 11. Nge2 Ng8 12. O-O-O b5 13. Bxd6 Qxd6 14. Nf4 Ne7 15.
Nce2 Nd7 16. Nh3 a5 17. f4 a4 18. h5 b4 19. hxg6+ Nxg6 20. f5 Ne7 21. fxe6+ Qxe6
22. Rdf1+ Ke8 23. Ng5 Qg6 24. Qxg6+ Nxg6 25. Ne6 Ke7 26. Nxg7 Raf8 27. Rxf8 Rxf8
28. Nf5+ Kd8 29. Rxh6 Ne7 30. Nxe7 Kxe7 31. Rxc6 Rg8 32. Nf4 Nf6 33. Rc5 Rxg4
34. Nxd5+ Kf7 35. Nxf6 Rg1+ 36. Kd2 Kxf6 37. Rb5 {Black resigns} 1-0

[Event "Team 45 45 League T89"]
[Site "Internet Chess Club"]
[Date "2021.07.12"]
[Round "1"]
[White "chesskix"]
[Black "rkjulianjr"]
[Result "1-0"]
[WhiteElo "1481"]
[BlackElo "1328"]
[Opening "Caro-Kann: anti-anti-Caro-Kann defense"]
[ECO "A11"]
[Time "20:00:22"]
[TimeControl "2700+45"]

1. c4 c6 2. e4 d5 3. exd5 cxd5 4. cxd5 Qxd5 5. Nc3 Qd8 6. Bb5+ Bd7 7. Nf3 Bxb5
8. Nxb5 Nc6 9. O-O e6 10. d4 Nge7 11. Bf4 Nd5 12. Bg3 a6 13. Nc3 Bb4 14. Nxd5
Qxd5 15. a3 Ba5 16. Rc1 Rd8 17. Rc5 Qe4 18. b4 Bb6 19. Re1 Qg6 20. Rc4 O-O 21.
Qa1 Rd5 22. Rd1 Rfd8 23. h3 h6 24. Kh2 Qf6 25. Bh4 g5 26. Bg3 Nxd4 27. Nxd4 Bxd4
28. Rcxd4 Rxd4 29. Rc1 Qe7 30. Rc7 R4d7 31. Rc5 f5 32. f4 Rd5 33. fxg5 hxg5 34.
Rc7 R5d7 35. Rc5 Rd1 36. Qe5 R1d5 37. Rxd5 Rxd5 38. Qb8+ Rd8 39. Qe5 Qg7 40.
Qxe6+ Qf7 41. Qb6 f4 42. Qxd8+ Kg7 43. Qxg5+ Kf8 44. Qxf4 Qxf4 45. Bxf4 Kf7 46.
g4 Kg6 47. Kg3 Kf6 48. h4 Kg6 49. Bd6 Kf6 50. Kf4 Kg6 51. Bc5 b5 52. Ke5 Kh6 53.
Kf6 Kh7 54. Kf7 Kh6 55. Be3+ Kh7 56. g5 Kh8 57. g6 {Black resigns} 1-0